 Dungeon Crawl Stone Soup version 0.18-a0-1267-gff090c1 (webtiles) character file.

70 4thArraOfDagon the Caller (level 4, -3/38 HPs)
             Began as a Hill Orc Summoner on Feb 6, 2016.
             Was a Follower of Cheibriados.
             Slain by a worker ant (6 damage)
             ... on level 4 of the Dungeon.
             The game lasted 00:05:37 (2017 turns).

4thArraOfDagon the Caller (Hill Orc Summoner)       Turns: 2017, Time: 00:05:37

Health: -3/38      AC: 10    Str: 13    XL:     4   Next: 21%
Magic:  6/6        EV: 11    Int: 22    God:    Cheibriados [*.....]
Gold:   169        SH:  0    Dex: 18    Spells: 1 memorised, 5 levels left

rFire  . . .     SeeInvis .       - Unarmed
rCold  . . .     Gourm    .     o - +0 chain mail
rNeg   . . .     Faith    .     (no shield)
rPois  .         Spirit   .     (no helmet)
rElec  .         Dismiss  .     q - +0 cloak
rCorr  .         Reflect  .     p - +0 pair of gloves
SustAt .         Harm     .     (no boots)
MR     .....                    (no amulet)
Stlth  ..........               (no ring)
                                (no ring)

@: brilliant, agile, flying, very slightly contaminated, invisible, very slow,
not resistant to hostile enchantments, extremely unstealthy
A: no striking features
a: Bend Time, Renounce Religion


You were on level 4 of the Dungeon.
You worshipped Cheibriados.
Cheibriados was aware of your devotion.
You were not hungry.

You visited 1 branch of the dungeon, and saw 4 of its levels.

You collected 169 gold pieces.

Inventory:

Hand Weapons
 j - a +0 club
Armour
 o - a +0 chain mail (worn)
 p - a +0 pair of gloves (worn)
 q - a +0 cloak (worn)
Scrolls
 d - 2 scrolls of teleportation {unknown}
 g - a scroll of enchant armour {unknown}
 i - 3 scrolls of identify {unknown}
 k - 2 scrolls of recharging {unknown}
 l - a scroll of amnesia {unknown}
 r - a scroll of magic mapping {unknown}
Potions
 f - a potion of curing
 u - a potion of degeneration {unknown}
Books
 b - a book of Callings

   Spells                             Type                      Level
   a - Summon Small Mammal            Summoning                    1
   b - Call Imp                       Summoning                    2
   c - Call Canine Familiar           Summoning                    3
   d - Summon Guardian Golem          Hexes/Summoning              3
   e - Summon Lightning Spire         Summoning/Air                4
   f - Summon Ice Beast               Ice/Summoning                4
Comestibles
 a - 2 chunks of flesh
 c - 4 bread rations
 m - a meat ration
 n - a slice of pizza


   Skills:
 + Level 3.3 Fighting
 + Level 1.7 Dodging
 - Level 1.5 Stealth
 * Level 1.9 Unarmed Combat
 - Level 1.5 Spellcasting
 - Level 4.0 Summonings
 + Level 1.1 Invocations


You had 5 spell levels left.
You knew the following spells:

 Your Spells              Type           Power        Failure   Level  Hunger
a - Summon Small Mammal   Summ           ####         24%         1    #......


Dungeon Overview and Level Annotations

Branches:
Dungeon (4/15)
 Temple: D:4-7

Altars:
Cheibriados
Kikubaaqudgha


Message History

The worker ant bites you.
* * * LOW HITPOINT WARNING * * *
The worker ant bites you but does no damage.
Unknown command.
Drink which item? (? for menu, Esc to quit)
It was a potion of invisibility.
You fade into invisibility!
The worker ant misses you.
You are very lightly contaminated with residual magic.
You hit the worker ant but do no damage.
The worker ant is moderately wounded.
The worker ant bites you.
* * * LOW HITPOINT WARNING * * *
Unknown command.
Unknown command.
Drink which item? (? for menu, Esc to quit)
It was a potion of brilliance.
You feel clever all of a sudden. The worker ant bites you.
You die...

............'.........)
###.#....#..#.........#
#.##..##..##.......##
#. #####..###.....##
#.....# ##...##
#.###.###.# ##+##
#.........# #####a#####
#...@.....# #.###.###.#
#.# #.. ####


You could see a worker ant.

Vanquished Creatures
  A gnoll (D:4)
  An adder (D:2)
  2 giant geckos
  An orc (D:3)
  2 ball pythons
  3 bats (D:2)
  5 goblins
  3 hobgoblins
  2 jackals (D:2)
  5 kobolds
  5 rats
  A rat zombie (D:2)
31 creatures vanquished.

Vanquished Creatures (collateral kills)
  A giant gecko (D:1)
  3 bats
  A goblin (D:1)
  3 hobgoblins
  4 jackals
  3 kobolds (D:1)
  2 giant newts (D:1)
17 creatures vanquished.

Grand Total: 48 creatures vanquished

Notes
Turn   | Place    | Note
--------------------------------------------------------------
     0 | D:1      | 4thArraOfDagon the Hill Orc Summoner began the quest for the Orb.
     0 | D:1      | Reached XP level 1. HP: 14/14 MP: 3/3
    96 | D:1      | Reached skill level 1 in Fighting
   236 | D:1      | Reached XP level 2. HP: 11/24 MP: 4/4
   428 | D:1      | HP: 1/24 [hobgoblin/club (3)]
   847 | D:2      | Found a snail-covered altar of Cheibriados.
   894 | D:2      | Reached XP level 3. HP: 4/30 MP: 1/5
   915 | D:2      | Became a worshipper of Cheibriados the Contemplative
  1031 | D:2      | Reached skill level 1 in Unarmed Combat
  1641 | D:2      | Found an ancient bone altar of Kikubaaqudgha.
  1679 | D:3      | Reached * piety under Cheibriados
  1713 | D:3      | Reached skill level 1 in Invocations
  1812 | D:3      | Reached XP level 4. HP: 34/38 MP: 6/6
  2017 | D:4      | Slain by a worker ant

Vault maps used:
D:1:      roderic_crop_circles_arrival_small
D:2:      cheibriados_altar_1, lemuel_zombie_altar_kikubaaqudgha
D:3:      overflow_temple_1_default, led_xom_imps, elyvilon_altar_5,
          uniq_natasha
D:4:      first_bread

Action                   |  1- 3 |  4- 6 || total
-------------------------+-------+-------++-------
Melee: Unarmed           |   156 |    37 ||   193
       Club              |    53 |       ||    53
 Cast: Summon Small Mamm |    31 |       ||    31
  Use: Potion            |       |     5 ||     5
 Stab: Sleeping          |     3 |       ||     3
  Eat: Chunk             |     4 |     1 ||     5
